 Dungeon Crawl Stone Soup version 0.28-a0-1629-gf728b707aa (webtiles) character file.

Game seed: 6694599917511800729

415 porpoise the Skirmisher (level 7, 0/81 HPs)
             Began as a Djinni Conjurer on Jan 25, 2022.
             Shot with a bolt by a kobold brigand (8 damage)
             ... in a sewer.
             The game lasted 00:13:38 (4706 turns).

porpoise the Skirmisher (Djinni Conjurer)           Turns: 4706, Time: 00:13:38

Health: 0/81       AC:  2    Str:  8    XL:     7   Next: 15%
Gold:   234        EV: 12    Int: 20    God:
                   SH:  0    Dex: 11

rFire   + + .      SeeInvis .   a - +0 short sword (speed)
rCold   x . .      Faith    .   (no shield)
rNeg    . . .      Spirit   .   g - +0 robe
rPois   ∞          Reflect  .   (no helmet)
rElec   .          Harm     .   (no cloak)
rCorr   .          Rampage  .   (no gloves)
Will    .....                   (boots unavailable)
Stlth   ..........              (no amulet)
HPRegen 0.23/turn               (no ring)
MPRegen 0.00/turn               (no ring)

@: berserking, flying, very slightly contaminated, very quick
A: sickness immunity, fire resistance 2, cold vulnerability 1, float, innate
caster, hp casting, extra vitality 1, sense surroundings 1, subdued magic 1
a: no special abilities


You were in a sewer.
You visited 1 branch of the dungeon, and saw 4 of its levels.
You also visited: Sewer.

You collected 234 gold pieces.

Inventory:

Hand Weapons
 a - a +0 short sword of speed (weapon)
 b - a +0 vorpal hunting sling
Missiles
 e - 5 javelins
 f - 31 stones
 k - 78 arrows
 o - 14 sling bullets
 r - 17 bolts
 w - 14 poisoned darts
Armour
 g - a +0 robe (worn)
Jewellery
 m - a +6 ring of strength
Wands
 v - a wand of acid (7)
Scrolls
 c - a scroll of immolation {unknown}
 j - 3 scrolls of blinking {unknown}
 l - a scroll of teleportation
 n - a scroll of enchant armour {unknown}
 p - a scroll of enchant weapon {unknown}
 t - a scroll of fog {unknown}
 u - a scroll of torment {unknown}
Potions
 d - 2 potions of attraction
 s - 3 potions of ambrosia


   Skills:
 * Level 5.5 Fighting
 - Level 2.1 Dodging
 - Level 1.5 Stealth
 + Level 4.4 Spellcasting


You couldn't memorise any spells.
You knew the following spells:

 Your Spells              Type           Power      Damage    Failure   Level
a - Magic Dart            Conj           68%        1d6       1%          1
b - Searing Ray           Conj           34%        2d5       2%          2
c - Fulminant Prism       Conj/Hex       8%         3d7       17%         4
d - Iskenderun's Mystic   Conj/Tloc      17%        2d5       17%         4
f - Foxfire               Conj/Fire      68%        2x1d7     1%          1
g - Call Imp              Summ           17%        N/A       2%          2
w - Passwall              Tmut/Erth      14%        N/A       2%          2
z - Dazzling Flash        Conj/Hex       34%        N/A       4%          3
Your spell library was empty.

Dungeon Overview and Level Annotations

Branches:
Dungeon (4/15)              Sewer (1/1)
 Temple: D:4-7

Altars:

Shops:
D:1 (*(   D:4 *


Innate Abilities, Weirdness & Mutations

You are immune to sickness and miasma.
You are immune to poison.
Your flesh is very heat resistant. (rF++)
You are vulnerable to cold. (rC-)
You float through the air rather than walking.
You learn spells naturally, not from books.
Your magical power is your life essence.
You have superior vitality. (+4 MHP)
You passively map a small area around you.
Your spells are a little easier to cast, but a little less powerful.


Message History

Your hands tingle!
a - a +0 short sword of speed (weapon)
The kobold closely misses you.
Unknown command.
Casting: Searing Ray (safe; 2% risk of failure)
Confirm with . or Enter, or press ? or * to list all spells.
Aiming: Searing Ray (safe; 2% risk of failure)
Press: ? - help, Shift-Dir - straight line, f - kobold
Aim: a kobold, wielding a +0 short sword and quivering bolts (72% to hit)
You miscast Searing Ray.
You are very lightly contaminated with residual magic.
Nothing appears to happen.
* * * LOW HITPOINT WARNING * * *
The kobold closely misses you. The kobold hits you but does no damage.
Casting: Searing Ray (safe; 2% risk of failure)
Confirm with . or Enter, or press ? or * to list all spells.
Aiming: Searing Ray (safe; 2% risk of failure)
Press: ? - help, Shift-Dir - straight line, f - kobold brigand, p - kobold
Aim: a kobold brigand, wielding a +0 hand crossbow and quivering bolts (lightly wounded, 72% to hit)
The searing ray hits the kobold.
The kobold is severely wounded.
The searing ray hits the kobold brigand.
The kobold brigand is lightly wounded. (Press . to maintain the ray.)
* * * LOW HITPOINT WARNING * * *
The kobold barely misses you.
The searing ray hits the kobold.
You kill the kobold!
* * * LOW HITPOINT WARNING * * *
The searing ray hits the kobold brigand.
The kobold brigand is moderately wounded.
* * * LOW HITPOINT WARNING * * *
The kobold brigand shoots a bolt.
The bolt hits you.
* * * LOW HITPOINT WARNING * * *
Okay, then.
A red film seems to cover your vision as you go berserk!
You feel yourself moving faster!
You feel mighty!
The kobold brigand shoots a bolt.
The bolt hits you!
You die...

≈≈≈≈≈#...≈≈≈≈≈≈≈#≈≈≈#
≈≈≈≈≈≈#...#≈≈≈≈≈≈#≈≈≈#
* ≈≈≈....≈...≈≈≈≈≈#≈≈≈#
* ≈....#≈≈≈#..≈≈≈.#≈.≈#
....,#≈≈≈#.....)#≈≈≈#
#+#######≈#######'#≈≈≈#
#......#...#).....#≈≈≈#
#≈≈≈≈≈≈).K.)≈≈≈)≈≈)).≈#
#≈≈≈≈≈@#..)#≈≈≈≈≈≈#≈≈≈#
#########'#############
* #...# ≈≈ ...⌠... *
.'......K)( * ,,
...'.⌠._.⌠.'K(. ,, *
..('.......'..(
≈≈≈#..⌠.⌠..#≈≈≈ *
#####.....#####


You could see a kobold brigand.

Vanquished Creatures
  2 scorpions (D:4)
  A wight (Sewer)
  An orc priest (D:3)
  A jelly (D:4)
  3 gnolls (D:3)
  5 adders
  2 shadow imps (Sewer)
  3 ufetubi (Sewer)
  A worm (D:3)
  3 dart slugs
  4 orcs (D:3)
  7 bats
  8 endoplasms
  A giant cockroach (D:4)
  6 hobgoblins
  3 jackals (D:1)
  5 quokkas
  6 ball pythons
  4 frilled lizards
  2 goblins (D:1)
  19 kobolds
  A kobold zombie (Sewer)
  2 rats
90 creatures vanquished.

Vanquished Creatures (others)
  9 plants
9 creatures vanquished.

Grand Total: 99 creatures vanquished

Notes
Turn   | Place    | Note
-------+----------+-------------------------------------------
     0 | D:1      | porpoise the Djinni Conjurer began the quest for the Orb.
     0 | D:1      | Reached XP level 1. HP: 15/15 MP: 0/0
    96 | D:1      | Reached skill level 1 in Fighting
   333 | D:1      | Reached XP level 2. HP: 20/22 MP: 0/0
   427 | D:1      | Found Suomas's Assorted Antiques.
   485 | D:1      | Found Paos's Antique Weapon Shoppe.
   927 | D:1      | Reached XP level 3. HP: 24/28 MP: 0/0
   927 | D:1      | Learned a level 1 spell: Foxfire
   963 | D:1      | Found Ostoug's Antique Weapon Boutique.
   969 | D:1      | Reached skill level 2 in Fighting
  2026 | D:2      | Found a faded altar of an unknown god.
  2217 | D:3      | Reached XP level 4. HP: 23/34 MP: 0/0
  2224 | D:3      | Reached skill level 3 in Fighting
  3003 | D:3      | Reached XP level 5. HP: 33/40 MP: 0/0
  3003 | D:3      | Learned a level 2 spell: Call Imp
  3711 | D:4      | Reached skill level 4 in Fighting
  3736 | D:4      | Reached XP level 6. HP: 43/48 MP: 0/0
  3775 | D:4      | Found Poutoq's General Store.
  4087 | D:4      | Found a glowing drain.
  4135 | D:4      | Reached skill level 5 in Fighting
  4145 | Sewer    | Entered a sewer
  4601 | Sewer    | Reached XP level 7. HP: 49/54 MP: 0/0
  4601 | Sewer    | Learned a level 2 spell: Passwall
  4696 | Sewer    | Gained mutation: You passively map a small area around you.
                  | [potion of mutation]
  4696 | Sewer    | Gained mutation: Your spells are a little easier to cast,
                  | but a little less powerful. [potion of mutation]
  4706 | Sewer    | Shot with a bolt by a kobold brigand

Illustrated notes

Levels and vault maps discovered:
D:1:      co_arrival_random_square_maze, layout_basic, serial_shops, shop,
          nicolae_shop_hallway_plus, nicolae_shop_overgrown_old_shop
D:2:      layout_loops_ring, hellmonk_ecumenical_altar_inner_sanctum,
          grunt_ministairs_3, amcnicky_mini_rare_corridor_liquid,
          chequers_serial_rivers_small_b
D:3:      layout_loops_ring, serial_forest, infiniplex_forest_lined_3,
          infiniplex_forest_clump_cross, infiniplex_forest_split,
          infiniplex_forest_pool, infiniplex_forest_zigzag_2,
          infiniplex_forest_lined_room_2, infiniplex_forest_end_3,
          hangedman_decor_slide_cut
D:4:      layout_cave_pools, gup_sewer_entry_glass, serial_shops, shop,
          minmay_small_thing
Sewer:    kennysheep_sewer_church

Skill      XL: |  1  2  3  4  5  6 |
---------------+-------------------+-----
Fighting       | 1 2 3 4 5 |  5.5
Spellcasting   | 4 |  4.4
Dodging        | |  2.1
Stealth        | |  1.5

Action                   |  1- 3 |  4- 6 |  7- 9 || total
-------------------------+-------+-------+-------++-------
 Fire: Hunting sling     |    21 |    34 |     5 ||    60
 Cast: Magic Dart        |    27 |       |     5 ||    32
       Searing Ray       |    17 |    32 |     3 ||    52
       Iskenderun's Myst |       |     2 |       ||     2
  Use: Scroll            |       |     5 |       ||     5
       Potion            |       |       |     3 ||     3
Armor: Robe              |     1 |     1 |     1 ||     3
Dodge: Dodged            |     1 |     8 |     6 ||    15

Table legend: (Time is in decaauts)
 A = Elapsed time spent in this place.
 B = Non-inter-level travel time spent in this place.
 C = Inter-level travel time spent in this place.
 D = Time resting spent in this place.
 E = Time spent auto-exploring this place.
 F = Levels seen in this place.
 G = Mean time per level.
                   A        B        C        D        E       F      G
               +--------+--------+--------+--------+--------+-----+--------+
         Total |   4715 |   4607 |    108 |   1626 |   2432 |   5 |  943.0 |
       Dungeon |   4153 |   4045 |    108 |   1235 |   2399 |   4 | 1038.2 |
         Sewer |    561 |    561 |      0 |    391 |     33 |   1 |  561.0 |
               +--------+--------+--------+--------+--------+-----+--------+

Top non-repeatable levels by time:
     D:1: 1261 daAuts
     D:3: 1167 daAuts
     D:2: 1157 daAuts
     D:4: 567 daAuts
   Sewer: 561 daAuts
